 Dungeon Crawl Stone Soup version 0.28-a0-1339-ga5422284a4 (webtiles) character file.

Game seed: 11050932165179048211

424043 browni3141 the Warrior (level 22, 0/205 HPs)
             Began as a Palentonga Berserker on Dec 28, 2021.
             Was a High Priest of Trog.
             Killed from afar by a purple draconian (17 damage)
             ... with a bolt of dispelling energy
             ... on level 1 of the Realm of Zot.
             The game lasted 01:56:23 (61967 turns).

browni3141 the Warrior (Palentonga Berserker)      Turns: 61967, Time: 01:56:24

Health: 0/205      AC: 52    Str: 29    XL:     22   Next: 39%
Magic:  31/31      EV:  7    Int: 20    God:    Trog [*****.]
Gold:   2334       SH:  0    Dex: 16    Spells: 21/21 levels left

rFire   + . .      SeeInvis +   U - +10 great sword "Pyutz" {vorpal, Fragile Fly rN+ Str+4 Stlth+}
rCold   . . .      Faith    .   (no shield)
rNeg    + + .      Spirit   .   x - +6 plate armour of the Northern Lights {+Inv Int+5}
rPois   +          Reflect  .   X - +2 helmet
rElec   +          Harm     .   t - +2 cloak
rCorr   .          Rampage  .   j - +1 pair of gloves "Ypeno" {Slay+2 SInv}
Will    ++...      NoTele   +   Y - +7 barding of Benevolence {-Tele Will+ Int+4}
Stlth   ..........              q - amulet "Cex Resch" {rElec Regen+ SInv}
HPRegen 1.24/turn               D - ring of poison resistance
MPRegen 0.22/turn               m - ring "Qahytih" {rF+ rN+ MP+9 Int+3}

@: flying, slowed, constricted, studying Staves, curled up, very slow
A: large, rugged brown scales 3, see invisible, deformed body, roll 1, armoured
tail, reflexive curl
}: 3/15 runes: serpentine, abyssal, gossamer
a: Rolling Charge, Renounce Religion, Evoke Invisibility, Berserk, Trog's Hand,
Brothers in Arms


You were on level 1 of the Realm of Zot.
You worshipped Trog.
Trog was extremely pleased with you.
You visited 8 branches of the dungeon, and saw 39 of its levels.
You visited the Abyss 1 time.
You visited 1 ziggurat, and saw 7 of its levels.

You collected 6070 gold pieces.
You spent 3736 gold pieces at shops.

Inventory:

Hand Weapons
 U - the +10 great sword "Pyutz" (weapon) {vorpal, Fragile Fly rN+ Str+4 Stlth+}
   (Trog gifted it to you on level 2 of the Orcish Mines)

   It inflicts extra damage upon your enemies.
   Str:       It affects your strength (+4).
   rN:        It protects you from negative energy.
   Fly:       It grants you flight.
   Fragile:   It will be destroyed if unequipped.
   Stlth:     It makes you more stealthy.
Missiles
 i - 17 throwing nets
 Q - 4 curare-tipped darts
Armour
 j - the +1 pair of gloves "Ypeno" (worn) {Slay+2 SInv}
   (You found it on level 3 of the Elven Halls)

   Slay:      It affects your accuracy & damage with ranged weapons and melee
   (+2).
   SInv:      It lets you see invisible.
 t - a +2 cloak (worn)
 x - the +6 plate armour of the Northern Lights (worn) {+Inv Int+5}
   (You bought it in a shop on level 2 of the Elven Halls)

   Int:       It affects your intelligence (+5).
   +Inv:      It lets you turn invisible.
 X - a +2 helmet (worn)
 Y - the +7 barding of Benevolence (worn) {-Tele Will+ Int+4}
   (You acquired it on level 4 of the Spider Nest)

   Int:       It affects your intelligence (+4).
   -Tele:     It prevents most forms of teleportation.
   Will:      It increases your willpower.
Jewellery
 m - the ring "Qahytih" (right hand) {rF+ rN+ MP+9 Int+3}
   (You acquired it on level 2 of the Orcish Mines)

   [ring of protection from fire]

   Int:       It affects your intelligence (+3).
   rF:        It protects you from fire.
   rN:        It protects you from negative energy.
   MP:        It affects your magic capacity (+9).
 q - the amulet "Cex Resch" (around neck) {rElec Regen+ SInv}
   (You found it on level 4 of the Lair of Beasts)

   [amulet of regeneration]

   rElec:     It insulates you from electricity.
   SInv:      It lets you see invisible.
   Regen:     It increases your rate of health regeneration.
 B - a ring of resist corrosion
 D - a ring of poison resistance (left hand)
 I - the macabre finger necklace {rN+}
   (You found it on level 4 of a ziggurat)

   [amulet of nothing]

   It enables you to equip an extra ring.
   rN:        It protects you from negative energy.
 N - an amulet of guardian spirit
Wands
 a - a wand of mindburst (17)
 l - a wand of paralysis (40)
 w - a wand of digging (5)
 y - a wand of iceblast (38)
 C - a wand of polymorph (31)
 J - a wand of charming (11)
Scrolls
 d - 27 scrolls of teleportation
 e - 7 scrolls of fear
 f - 7 scrolls of enchant weapon
 n - 7 scrolls of fog
 r - 7 scrolls of magic mapping
 u - 4 scrolls of amnesia
 F - 3 scrolls of silence
 H - 5 scrolls of torment
 K - 2 scrolls of summoning
 O - 2 scrolls of immolation
 P - 8 scrolls of blinking
 R - a scroll of noise
 S - a scroll of brand weapon
 V - 9 scrolls of identify
 W - 3 scrolls of vulnerability
Potions
 b - 6 potions of ambrosia
 c - 3 potions of heal wounds
 g - 4 potions of brilliance
 h - 6 potions of lignification
 k - 21 potions of curing
 o - 8 potions of flight
 p - 5 potions of attraction
 v - a potion of resistance
 z - 4 potions of berserk rage
 A - 3 potions of cancellation
 E - 4 potions of magic
 G - 9 potions of haste
 M - 7 potions of mutation
 T - 6 potions of might
Miscellaneous
 s - a tin of tremorstones (2/2)
 L - a lightning rod (4/4)


   Skills:
 * Level 20.4 Fighting
 - Level 20.0 Long Blades
 + Level 15.6 Armour
 - Level 13.6 Dodging
 * Level 18.6 Evocations


You had 21 spell levels left.
You didn't know any spells.
Your spell library contained the following spells:

 Spells                   Type           Power      Damage    Failure   Level
 Beastly Appendage        Tmut           0%         N/A       71%         1
 Magic Dart               Conj           0%         1d3       71%         1
 Ensorcelled Hibernation  Hex/Ice        0%         N/A       85%         2
 Passwall                 Tmut/Erth      0%         N/A       85%         2
 Searing Ray              Conj           0%         2d4       85%         2
 Wereblood                Tmut           0%         N/A       85%         2
 Dazzling Flash           Conj/Hex       0%         N/A       97%         3
 Frozen Ramparts          Ice            0%         1d2       97%         3
 Ignite Poison            Fire/Tmut/Pois 0%         N/A       97%         3
 Spider Form              Tmut/Pois      0%         N/A       97%         3
 Tukima's Dance           Hex            0%         N/A       97%         3
 Fulminant Prism          Conj/Hex       0%         3d6       100%        4
 Hailstorm                Conj/Ice       0%         3d3       100%        4
 Iskenderun's Mystic Bla  Conj/Tloc      0%         2d3       100%        4
 Passage of Golubria      Tloc           0%         N/A       100%        4
 Summon Ice Beast         Ice/Summ       0%         N/A       100%        4
 Yara's Violent Unravell  Hex/Tmut       0%         3d3       100%        5
 Starburst                Conj/Fire      0%         6d3       100%        6
 Statue Form              Tmut/Erth      0%         N/A       100%        6
 Necromutation            Tmut/Necr      0%         N/A       100%        8


Dungeon Overview and Level Annotations

Branches:
Dungeon (15/15)            Temple (0/1) D:6            Lair (6/6) D:9
  Snake (4/4) Lair:4       Spider (4/4) Lair:3        Slime (0/5) Lair:6
    Orc (2/2) D:11            Elf (3/3) Orc:2        Vaults (0/5) D:14
 Depths (4/4) D:15            Zot (1/5) Depths:4

Altars:
Elyvilon
Kikubaaqudgha
Okawaru
Qazlal
Uskayaw
Beogh

Shops:
D:2 :   D:4 (   D:7 ([::   D:13 [   D:14 *   D:15 :   Orc:2 =*=   Elf:1 !
Elf:2 [   Snake:2 [(   Snake:4 *

Portals:
Hell: Depths:1 Depths:2 Depths:4
Abyss: Depths:3
Pandemonium: Depths:2

Annotations:
D:6 2 transporters, JamezByez's ghost, novice MiBe
D:7 2 runed translucent doors
Lair:6 exclusion: 3 oklob plants


Innate Abilities, Weirdness & Mutations

You are completely covered in rugged brown scales. (AC +3, +7% HP)
You have supernaturally acute eyesight. (SInv)
Armour fits poorly on your strangely shaped body.
You can roll at nearby foes to attack.
You have a long armoured tail.
You curl defensively after being hit. (AC +7*)


Message History

You are engulfed in blazing flames.
You resist.
* * * LOW HITPOINT WARNING * * *
The death cob hits you but does no damage. x3
The tentacled monstrosity tentacle-slaps you but does no damage. x2
The tentacled monstrosity completely misses you.
The tentacled monstrosity constricts you.
* * * LOW HITPOINT WARNING * * *
The purple draconian hits you but does no damage.
The tentacled monstrosity tentacle-slaps you but does no damage. x3
The death cob hits you!
* * * LOW HITPOINT WARNING * * *
The death cob drains your vigour!
You feel as though you will be slow longer.
The purple draconian hits you with a +0 long sword.
* * * LOW HITPOINT WARNING * * *
The tentacled monstrosity tentacle-slaps you but does no damage. x3
The tentacled monstrosity constricts you.
* * * LOW HITPOINT WARNING * * *
The tentacled monstrosity misses you.
The tentacled monstrosity tentacle-slaps you but does no damage. x2
Unknown command.
Unknown command.
Unknown command.
Unknown command.
You feel much better.
The green draconian seems to regain its courage.
The death cob closely misses you. The death cob hits you.
* * * LOW HITPOINT WARNING * * *
The death cob drains your vigour!
You feel as though you will be slow longer.
The death cob hits you.
* * * LOW HITPOINT WARNING * * *
The death cob drains your vigour!
You feel as though you will be slow longer.
The tentacled monstrosity tentacle-slaps you but does no damage. x3
The tentacled monstrosity constricts you.
The purple draconian breathes dispelling energy at you.
The bolt of dispelling energy hits you!
Your magical effects are unravelling.
You die...

.. #. ..# #..
...# .... ....#
..... .....#
#..... ......#
#......
.......#.......
d......@X......
#..?..dzX..##..
$..............
...............
...............
....!..........
#...#.......⌠q#
...(...........


You could see 2 tentacled monstrosities, a green draconian, a purple draconian
(catching breath), a death cob and a yellow draconian annihilator.

Vanquished Creatures
  A dread lich (Zig:2)
  Bai Suzhen (Spider:3)
  5 caustic shrikes (Depths:4)
  Nikola (Snake:1)
  the Enchantress (Depths:3)
  2 golden dragons
  The ghost of Wicel the Warrior, an adept MiBe of Trog (Elf:1)
  A bone dragon (Abyss:3)
  Arachne (Spider:3)
  4 tentacled monstrosities
  A lich (Depths:2)
  Mlioglotl (Spider:2)
  2 deep elf master archers (Elf:3)
  3 deep elf blademasters
  4 tentacled starspawn
  Kirke (Snake:1)
  2 shadow dragons (Depths:4)
  Agnes (D:15)
  A thorn hunter (Abyss:3)
  A storm dragon (Depths:4)
  2 tengu reavers
  Roxanne (Elf:3)
  2 draconian knights
  5 fire giants
  5 nagarajas
  7 deep elf sorcerers
  4 ghost moths
  2 orc warlords
  A balrug (Depths:4)
  3 iron dragons
  Louise (Elf:1)
  3 spectral caustic shrikes (Depths:2)
  10 frost giants
  9 emperor scorpions
  A draconian shifter (Depths:4)
  A cacodemon (Depths:2)
  3 deep elf elementalists
  The ghost of ragingrage the Worldbinder, an adept FeSu of Gozag (Elf:3)
  A draconian stormcaller (Depths:4)
  26 very ugly things
  A quicksilver ooze (Zig:3)
  14 stone giants
  3 spriggan defenders
  A draconian annihilator (Zig:7)
  A broodmother (Spider:2)
  A vampire knight (Depths:4)
  8 deep elf demonologists (Elf:3)
  10 deep elf annihilators (Elf:3)
  A green draconian (Depths:4)
  4 entropy weavers
  A purple draconian (Zig:7)
  A red draconian (Zig:7)
  3 yellow draconians
  3 black draconians
  9 spark wasps
  2 white draconians
  A merfolk javelineer (Elf:3)
  8 fire dragons
  8 deep elf death magi
  An iron golem (Zig:5)
  8 great orbs of eyes
  2 deep elf high priests (Elf:3)
  5 ettins
  2 merfolk impalers
  4 yaktaur captains
  7 spriggan air magi
  8 ice dragons
  8 naga warriors
  A hell beast (Depths:4)
  2 jorogumos
  4 rakshasas
  11 hydras
  4 boulder beetles
  5 salamander tyrants
  4 catoblepae
  5 centaur warriors
  9 two-headed ogres
  5 anacondas
  3 tengu warriors
  3 deep troll shamans
  A satyr (Abyss:3)
  10 death yaks
  29 dancing weapons
  9 naga sharpshooters
  Urug (Lair:4)
  2 merfolk aquamancers (Zig:6)
  5 deep troll earth magi
  5 orc high priests
  2 thrashing horrors
  2 vampire magi
  A crystal echidna (Zig:5)
  4 shock serpents
  9 sun demons
  12 hell knights
  11 spriggan berserkers
  21 deep elf knights
  A fire crab (shapeshifter) (Elf:3)
  3 iron trolls
  6 soul eaters
  5 pharaoh ants
  4 skeletal warriors (D:12)
  A wretched star (Abyss:3)
  5 steelbarb worms
  A sixfirhy (Depths:2)
  A spatial maelstrom (Abyss:2)
  2 glowing orange brains
  A quicksilver dragon simulacrum (Depths:4)
  2 swamp dragons (shapeshifter)
  14 deep trolls
  A flayed ghost (Depths:3)
  2 salamander mystics
  4 lindwurms (Lair:4)
  14 deep elf archers
  A sea snake (Snake:2)
  An obsidian statue (Zig:2)
  8 naga ritualists
  7 orb spiders
  7 orc knights
  2 orange crystal statues (Zig:2)
  4 wizards
  26 deep elf zephyrmancers
  5 necromancers
  27 deep elf pyromancers
  2 swamp dragons (Abyss:3)
  A harpy (shapeshifter) (D:13)
  A manticore (shapeshifter) (Depths:3)
  A shining eye (Zig:3)
  26 wolf spiders
  4 mana vipers
  A cyclops (shapeshifter) (Elf:3)
  4 cyclopes
  14 salamanders
  4 orc sorcerers
  13 ugly things
  7 manticores
  A moth of wrath (Spider:2)
  2 worldbinders (Abyss:3)
  4 guardian serpents
  A salamander (shapeshifter) (D:8)
  7 elephants
  An apocalypse crab (Abyss:3)
  A water nymph (Zig:6)
  An ice statue (Zig:2)
  A water nymph (shapeshifter) (Depths:2)
  47 black mambas
  3 smoke demons
  3 torpor snails
  2 gargoyles (D:11)
  17 naga magi
  A centaur skeleton (D:15)
  12 cane toads
  A hellion (Abyss:2)
  An orange demon (Abyss:2)
  2 unseen horrors
  3 rime drakes
  3 yaktaurs (D:12)
  5 demonic crawlers
  A kobold demonologist (D:14)
  11 komodo dragons
  An efreet (D:15)
  A hellwing (Abyss:2)
  3 ice devils (Depths:2)
  A tengu conjurer (Depths:3)
  A queen bee (shapeshifter) (D:14)
  An ancient zyme (Abyss:3)
  13 meliai
  A polar bear (Lair:2)
  3 merfolk (Zig:6)
  A red devil (Depths:2)
  3 trolls
  A hornet (shapeshifter) (Elf:1)
  25 tarantellas
  A wind drake (shapeshifter) (D:13)
  Grinder (D:3)
  11 slime creatures
  17 blink frogs
  A flying skull (Zig:1)
  13 culicivoras
  5 air elementals
  3 shadows (D:11)
  3 spriggans
  11 starcursed masses
  11 water elementals
  2 ynoxinuls
  32 jumping spiders
  3 wyverns
  2 hogs (Snake:1)
  57 yaks
  3 vampires
  3 wraiths
  5 basilisks
  3 fire elementals
  A golden eye (shapeshifter) (Elf:3)
  A hog (shapeshifter) (Elf:2)
  A chaos spawn (Abyss:3)
  4 steam dragons
  66 redbacks
  11 vampire mosquitoes
  3 wargs
  14 water moccasins
  55 nagas
  7 acid dragons
  A floating eye (Depths:3)
  Duvessa (D:7)
  A hornet zombie (D:8)
  40 orc warriors
  2 sky beasts
  2 black bears
  2 ice beasts (D:7)
  An ogre (shapeshifter) (D:12)
  17 ogres
  A black bear (shapeshifter) (Elf:1)
  2 necrophages
  15 wolves
  A wolf (shapeshifter) (D:14)
  5 boggarts (D:15)
  13 centaurs
  A small abomination (Abyss:2)
  3 kobold brigands
  12 bullfrogs
  6 gnoll sergeants
  6 earth elementals
  A wyvern zombie (D:8)
  A water moccasin zombie (D:6)
  A troll zombie (D:11)
  A water moccasin skeleton (D:4)
  Dowan (D:7)
  11 killer bees
  9 wights
  9 howler monkeys
  7 electric eels
  A bullfrog zombie (D:5)
  6 centaur zombies
  A jelly (D:6)
  12 hounds
  24 orc priests
  6 gnoll shamans
  Ijyb (D:3)
  5 iguanas
  16 orc wizards
  2 killer bee zombies
  5 ogre zombies (D:11)
  4 mummies (Zig:1)
  2 howler monkey zombies
  Robin (D:4)
  48 gnolls
  11 adders
  2 white imps
  An ufetubus (Abyss:2)
  An adder zombie (D:5)
  An adder skeleton (D:4)
  4 worms (D:2)
  A dart slug (D:1)
  88 orcs
  15 endoplasms
  5 giant cockroaches
  13 goblins
  7 hobgoblins
  11 jackals
  23 kobolds
  9 quokkas
  8 ball pythons
  11 bats
  A frilled lizard (D:3)
  A goblin skeleton (D:11)
  2 hobgoblin skeletons (D:11)
  6 orc skeletons (D:11)
  10 orc zombies (D:11)
  3 rats
  A briar patch (Abyss:3)
  A lurking horror (Abyss:3)
1740 creatures vanquished.

Vanquished Creatures (collateral kills)
  Frances (Spider:2)
  An ancient champion (Zig:5)
  An orb spider (Spider:2)
  A wolf spider (Spider:2)
  A hornet (D:9)
  2 meliai (Spider:3)
  A tarantella (Spider:3)
  A redback (Spider:3)
  An orc warrior (D:9)
  3 killer bees (D:9)
  An orc wizard (D:9)
  A howler monkey zombie (D:9)
  5 gnolls (D:9)
  2 orcs (D:9)
  2 jackals (D:9)
24 creatures vanquished.

Vanquished Creatures (others)
  A shock serpent (Snake:2)
  5 humans (Snake:1)
  A redback (Spider:2)
  A killer bee (D:8)
  2 briar patches (Abyss:3)
  12 fungi
  31 plants
  8 starspawn tentacles
  A withered plant (D:8)
62 creatures vanquished.

Grand Total: 1826 creatures vanquished

Notes
Turn   | Place    | Note
-------+----------+-------------------------------------------
     0 | D:1      | browni3141 the Palentonga Berserker began the quest for the
                  | Orb.
     0 | D:1      | Reached XP level 1. HP: 19/19 MP: 1/1
   180 | D:1      | Reached XP level 2. HP: 22/25 MP: 2/2
   510 | D:1      | Reached XP level 3. HP: 29/31 MP: 3/3
   844 | D:2      | Reached ** piety under Trog
  1289 | D:2      | Reached XP level 4. HP: 37/37 MP: 4/4
  1296 | D:2      | Reached skill level 5 in Long Blades
  1440 | D:2      | Found Qastalufyl's Book Shop.
  1617 | D:2      | Found a faded altar of an unknown god.
  1912 | D:3      | Noticed an ogre
  1967 | D:3      | Noticed an ogre
  2161 | D:2      | Reached XP level 5. HP: 24/43 MP: 5/5
  2590 | D:3      | Noticed Grinder
  2597 | D:3      | Killed Grinder
  2598 | D:3      | Reached XP level 6. HP: 42/50 MP: 6/6
  2788 | D:3      | Noticed a sky beast
  2828 | D:3      | Killed a sky beast
  2829 | D:3      | Gained mutation: You curl defensively after being hit. (AC
                  | +7*) [Palentonga growth]
  2829 | D:3      | Reached XP level 7. HP: 29/55 MP: 7/7
  3388 | D:3      | Noticed Ijyb
  3409 | D:3      | Killed Ijyb
  3961 | D:4      | Noticed Robin
  3971 | D:4      | Killed Robin
  4331 | D:4      | Reached XP level 8. HP: 50/62 MP: 8/8
  4563 | D:4      | Found Fategull's Weapon Emporium.
  4859 | D:5      | Entered Level 5 of the Dungeon
  4865 | D:5      | Reached skill level 10 in Long Blades
  5954 | D:6      | Found a staircase to the Ecumenical Temple.
  5997 | D:6      | Reached XP level 9. HP: 67/67 MP: 9/9
  6122 | D:6      | Found a transporter.
  6667 | D:6      | Noticed JamezByez's ghost (novice MiBe)
  6678 | D:6      | Found a transporter.
  6790 | D:7      | Found a large runed translucent door.
  6791 | D:7      | Noticed Dowan
  6840 | D:7      | Found a large runed translucent door.
  6848 | D:7      | Killed Dowan
  6869 | D:7      | Noticed Duvessa
  6877 | D:7      | Killed Duvessa
  7017 | D:7      | Reached *** piety under Trog
  7037 | D:7      | Found a large runed translucent door.
  7037 | D:7      | Found a large runed translucent door.
  7045 | D:7      | Noticed an unseen horror
  7380 | D:7      | Found Irotunk's Book Shop.
  7637 | D:7      | Found Ibrul's Antique Weapon Boutique.
  7649 | D:7      | Bought a pitted great sword for 356 gold pieces
  7649 | D:7      | Identified the +8 great sword of the End of Times {elec,
                  | rElec rPois rC++ Dex-4} (You bought it in a shop on level 7
                  | of the Dungeon)
  7827 | D:7      | Found Yntol's Book Emporium.
  7933 | D:7      | Found Aredenur's Antique Armour Shoppe.
  8073 | D:7      | Reached XP level 10. HP: 74/74 MP: 10/10
  8126 | D:8      | Found an ancient bone altar of Kikubaaqudgha.
  8180 | D:8      | Reached skill level 15 in Long Blades
  8333 | D:8      | Noticed a salamander
  8334 | D:8      | Noticed a two-headed ogre
  8337 | D:8      | Killed a salamander
  8340 | D:8      | Killed a two-headed ogre
  8340 | D:8      | Noticed a five-headed hydra
  8442 | D:8      | Identified a scroll of acquirement
  8448 | D:8      | HP: 2/74 [slime creature (11)]
  8699 | D:8      | Acquired 634 gold pieces
  8707 | D:8      | Killed a seven-headed hydra
  8814 | D:8      | Acquired the +0 barding of Intuition {+Inv Str+3}
  8899 | D:8      | Reached **** piety under Trog
  9059 | D:8      | Reached skill level 1 in Evocations
  9059 | D:8      | Reached XP level 11. HP: 65/80 MP: 11/11
  9304 | D:8      | Found the +5 demon whip "Spellbinder" {antimagic, Will+}
  9311 | D:8      | Identified the +3 great mace of Apeunk {elec, rF+ rN+
                  | rCorr}
  9543 | D:9      | Found a staircase to the Lair.
  9580 | D:9      | Noticed a two-headed ogre
  9595 | D:9      | Killed a two-headed ogre
  9603 | D:9      | Reached ***** piety under Trog
  9637 | D:9      | Received a gift from Trog
 10486 | D:10     | Entered Level 10 of the Dungeon
 10528 | D:10     | Noticed a two-headed ogre
 10532 | D:10     | Killed a two-headed ogre
 11355 | D:11     | Noticed a tengu reaver
 11356 | D:11     | Reached skill level 5 in Fighting
 11368 | D:11     | Killed a tengu reaver
 11540 | D:11     | Reached XP level 12. HP: 80/92 MP: 12/12
 11932 | D:11     | Found a staircase to the Orcish Mines.
 12026 | D:11     | Noticed a boulder beetle
 12031 | D:11     | Killed a boulder beetle
 12075 | D:11     | Noticed a four-headed hydra
 12079 | D:11     | Killed a six-headed hydra
 12595 | Orc:1    | Entered Level 1 of the Orcish Mines
 12792 | Orc:1    | Received a gift from Trog
 13214 | Orc:2    | Entered Level 2 of the Orcish Mines
 13215 | Orc:2    | Noticed a two-headed ogre
 13221 | Orc:2    | Noticed a two-headed ogre
 13224 | Orc:2    | Killed a two-headed ogre
 13233 | Orc:2    | Killed a two-headed ogre
 13235 | Orc:2    | Noticed a two-headed ogre
 13381 | Orc:2    | Reached skill level 5 in Evocations
 13410 | Orc:2    | Reached skill level 5 in Dodging
 13529 | Orc:2    | Noticed a two-headed ogre
 13532 | Orc:2    | Killed a two-headed ogre
 13533 | Orc:2    | Reached skill level 5 in Armour
 13567 | Orc:2    | Killed a two-headed ogre
 13582 | Orc:2    | Noticed a two-headed ogre
 13586 | Orc:2    | Killed a two-headed ogre
 13738 | Orc:2    | Noticed an ettin
 13741 | Orc:2    | Killed an ettin
 14303 | Orc:2    | Found a staircase to the Elven Halls.
 14367 | Orc:2    | Reached XP level 13. HP: 101/101 MP: 13/13
 14540 | Orc:2    | Identified the +10 great sword "Pyutz" {vorpal, Fragile Fly
                  | rN+ Str+4 Stlth+} (Trog gifted it to you on level 2 of the
                  | Orcish Mines)
 14540 | Orc:2    | Received a gift from Trog
 14545 | Orc:2    | Noticed an orc warlord
 14592 | Orc:2    | Killed an orc warlord
 15254 | Orc:2    | Found Kackoefu's Assorted Antiques.
 15462 | Orc:2    | Found Hophy's Jewellery Boutique.
 15678 | Orc:2    | Found Nymyzue's Jewellery Shoppe.
 15913 | Orc:2    | Found Yrutuaru's Magic Scroll Emporium.
 15918 | Orc:2    | Bought a scroll of identify for 30 gold pieces
 15918 | Orc:2    | Bought a scroll of identify for 30 gold pieces
 15918 | Orc:2    | Bought a scroll of identify for 30 gold pieces
 15918 | Orc:2    | Bought a scroll of identify for 30 gold pieces
 15918 | Orc:2    | Bought a scroll of identify for 30 gold pieces
 15924 | Orc:2    | Bought a scroll of enchant armour for 112 gold pieces
 15924 | Orc:2    | Bought a scroll of fog for 30 gold pieces
 15924 | Orc:2    | Bought a scroll of teleportation for 45 gold pieces
 15924 | Orc:2    | Bought a scroll of fear for 52 gold pieces
 15924 | Orc:2    | Bought a scroll of teleportation for 45 gold pieces
 16153 | Orc:2    | Bought a scroll of acquirement for 1196 gold pieces
 16153 | Orc:2    | Acquired the ring "Qahytih" {rF+ rN+ MP+9 Int+3}
 16326 | Lair:1   | Entered Level 1 of the Lair of Beasts
 17103 | Lair:1   | Received a gift from Trog
 17517 | Lair:2   | Identified the +1 leather armour of Resonance {rC- Str+7}
 18032 | Lair:2   | You are sucked into a shaft and drop 2 floors!
 18190 | Lair:4   | Reached XP level 14. HP: 112/112 MP: 14/14
 18240 | Lair:4   | Noticed Urug
 18246 | Lair:4   | Killed Urug
 18593 | Lair:4   | Found a staircase to the Snake Pit.
 18717 | Lair:3   | Acquired the amulet of the Skies Above {Reflect Str+6 Int-4
                  | SH+5}
 18869 | Lair:3   | Received a gift from Trog
 18882 | Lair:3   | Found a hole to the Spider Nest.
 19959 | Lair:3   | Identified the +12 arbalest "Ogrebane" {vorpal, Fragile rN+
                  | Str+4 Int+4}
 20164 | Lair:3   | Identified the +5 scale mail of the Flute {+Blink rF+
                  | Dex+2}
 20445 | Lair:4   | Found the +1 Delatra's gloves {ID++}
 20449 | Lair:4   | Identified the amulet "Cex Resch" {rElec Regen+ SInv}
 20450 | Lair:4   | Identified the amulet of Oschamuw {Reflect Harm rN+ Dex-3
                  | SH+5}
 21612 | Lair:6   | Entered Level 6 of the Lair of Beasts
 21862 | Lair:6   | Found a staircase to the Slime Pits.
 22252 | Lair:6   | Reached XP level 15. HP: 100/123 MP: 15/15
 23046 | Snake:1  | Entered Level 1 of the Snake Pit
 23049 | Snake:1  | Noticed Nikola
 23060 | Snake:1  | Killed Nikola
 23070 | Snake:1  | Noticed Kirke
 23082 | Snake:1  | Noticed a sphinx
 23094 | Snake:1  | Killed Kirke
 23095 | Snake:1  | Reached skill level 10 in Fighting
 23603 | Snake:1  | Reached ****** piety under Trog
 23611 | Snake:1  | Received a gift from Trog
 24282 | Snake:2  | Noticed a nagaraja
 24284 | Snake:2  | Killed a nagaraja
 24326 | Snake:2  | Found Famaxer's Antique Armour Emporium.
 24695 | Snake:2  | Bought a pair of steaming gloves for 323 gold pieces
 24695 | Snake:2  | Identified the +2 pair of gloves of Boiling Hail {Harm}
                  | (You bought it in a shop on level 2 of the Snake Pit)
 26232 | Snake:2  | Found Rufyryuz's Weapon Shoppe.
 27115 | Snake:3  | Reached skill level 10 in Evocations
 27116 | Snake:3  | Reached XP level 16. HP: 103/133 MP: 16/16
 27734 | Snake:4  | Entered Level 4 of the Snake Pit
 27740 | Snake:4  | Found Wait's Whimsical Warehouse.
 27912 | Snake:4  | Received a gift from Trog
 29820 | Snake:4  | Reached skill level 10 in Dodging
 29824 | Snake:4  | Reached skill level 10 in Armour
 30369 | Snake:4  | Received a gift from Trog
 30648 | Snake:4  | Got a serpentine rune of Zot
 30823 | Spider:1 | Entered Level 1 of the Spider Nest
 32601 | Spider:1 | Received a gift from Trog
 32608 | Spider:1 | Reached XP level 17. HP: 127/144 MP: 17/17
 33232 | Spider:2 | Noticed Mlioglotl
 33240 | Spider:2 | Noticed Frances
 33444 | Spider:2 | Killed Mlioglotl
 33472 | Spider:2 | Killed Frances
 34760 | Spider:3 | Noticed Bai Suzhen
 34788 | Spider:3 | Killed Bai Suzhen
 35456 | Spider:4 | Entered Level 4 of the Spider Nest
 35820 | Spider:4 | Noticed Arachne
 36056 | Spider:3 | Killed Arachne
 37241 | Spider:4 | Acquired the +7 barding of Benevolence {-Tele Will+ Int+4}
 38023 | Spider:4 | Got a gossamer rune of Zot
 38413 | Elf:1    | Entered Level 1 of the Elven Halls
 38424 | Elf:1    | Noticed Wicel's ghost (adept MiBe)
 38428 | Elf:1    | Found a transporter.
 38430 | Elf:1    | Found a transporter.
 38722 | Elf:1    | Reached XP level 18. HP: 101/156 MP: 18/18
 38728 | Elf:1    | Received a gift from Trog
 39561 | Elf:1    | Found Katam's Distillery.
 39571 | Elf:1    | Bought a potion of heal wounds for 75 gold pieces
 39571 | Elf:1    | Bought a potion of haste for 150 gold pieces
 39571 | Elf:1    | Bought a potion of haste for 150 gold pieces
 39571 | Elf:1    | Bought a potion of curing for 45 gold pieces
 40598 | Elf:1    | Noticed Louise
 40610 | Elf:1    | Killed Louise
 41066 | Elf:1    | Killed Wicel's ghost
 41442 | Elf:1    | Received a gift from Trog
 41578 | Elf:2    | Found Tunal's Armour Shoppe.
 41724 | Elf:2    | Found a runed translucent gate.
 41724 | Elf:2    | Found a runed translucent gate.
 41724 | Elf:2    | Found a runed translucent gate.
 41732 | Elf:2    | Identified the +4 war axe of browni3141's Anguish {protect,
                  | Dex+3}
 41783 | Elf:2    | Identified the +9 war axe of Kismet {vorpal, rCorr Str-3
                  | Dex+4}
 42714 | Elf:2    | Reached skill level 15 in Fighting
 43100 | Elf:3    | Entered Level 3 of the Elven Halls
 43106 | Elf:3    | Paralysed by an air elemental for 1 turns
 43124 | Elf:2    | Received a gift from Trog
 43748 | Elf:3    | Paralysed by an air elemental for 1 turns
 43750 | Elf:3    | Paralysed by an air elemental for 1 turns
 43759 | Elf:3    | Identified Roxanne's Disquisition on Transformation
 43759 | Elf:3    | Noticed Roxanne
 43845 | Elf:3    | Paralysed by an air elemental for 1 turns
 43896 | Elf:3    | Found a runed translucent gate.
 43896 | Elf:3    | Found a runed translucent gate.
 43896 | Elf:3    | Found a runed translucent gate.
 43896 | Elf:3    | Found an iron altar of Okawaru.
 43896 | Elf:3    | Noticed ragingrage's ghost (adept FeSu)
 43900 | Elf:3    | Reached XP level 19. HP: 160/165 MP: 19/19
 44272 | Elf:3    | Cast into level 2 of the Abyss (a deep elf sorcerer)
 44466 | Abyss:3  | Noticed a bone dragon
 44473 | Abyss:3  | Killed a bone dragon
 44543 | Abyss:3  | Got an abyssal rune of Zot
 44660 | Elf:3    | Escaped the Abyss
 44752 | Elf:3    | Identified the +9 war axe of the Extremely Mad {vorpal,
                  | Will+ Int+3}
 44786 | Elf:3    | Identified the +7 mace of Spontaneous Combustion {drain,
                  | rPois Dex+4}
 44790 | Elf:3    | Identified the +4 war axe of Bodily Humours {drain, Int+7}
 45175 | Elf:3    | Identified the +7 spear of the New World {chaos, rC+ Will+
                  | Dex-4 Stlth+}
 45179 | Elf:3    | Identified the +4 scimitar of Uthriasu {vamp, Drain rPois
                  | Int+4 Dex+3}
 45260 | Elf:3    | Received a gift from Trog
 45268 | Elf:3    | Noticed a Tzitzimitl
 45268 | Elf:3    | Identified the +3 glaive of the Jumping Firefly {vorpal,
                  | Will- Str+4 Dex+3 Stlth+}
 45633 | Elf:3    | Got Ymoerch's Compendium of Cold and Sinister Magic
 45878 | Elf:3    | Killed ragingrage's ghost
 45905 | Elf:3    | Identified the +1 pair of gloves "Ypeno" {Slay+2 SInv}
 46115 | Elf:3    | Killed Roxanne
 46227 | Elf:2    | Bought the +6 plate armour of the Northern Lights {+Inv
                  | Int+5} for 1007 gold pieces
 46762 | D:12     | Identified the +1 robe of Dishonesty {+Blink rC- Int+4}
 47314 | D:12     | Identified the +6 long sword "Fecvuklu" {vorpal, rElec}
 47992 | D:13     | Received a gift from Trog
 48189 | D:13     | Found Fatrytoe's Antique Armour Shoppe.
 48468 | D:14     | Found Houheis's Assorted Antiques.
 48500 | D:14     | Reached XP level 20. HP: 154/177 MP: 20/20
 48767 | D:14     | Found a white marble altar of Elyvilon.
 48940 | D:14     | Found a gate to the Vaults.
 48947 | D:14     | Reached skill level 15 in Evocations
 49308 | D:15     | Entered Level 15 of the Dungeon
 49544 | D:15     | Found Dopt's Book Shoppe.
 49560 | D:15     | Noticed Agnes
 49565 | D:15     | Killed Agnes
 49658 | D:15     | Received a gift from Trog
 50029 | D:15     | Found a staircase to the Depths.
 50443 | Depths:1 | Entered Level 1 of the Depths
 50533 | Depths:1 | HP: 8/179 [stone giant/large rock (33)]
 51525 | Depths:1 | Received a gift from Trog
 51749 | Depths:1 | Found a stormy altar of Qazlal.
 51819 | Depths:1 | Found a gateway to Hell.
 52515 | Depths:2 | Found a one-way gate leading to the halls of Pandemonium.
 52983 | Depths:2 | Found a hide-covered altar of Uskayaw.
 53236 | Depths:2 | Noticed a golden dragon
 53245 | Depths:2 | Killed a golden dragon
 53533 | Depths:2 | Received a gift from Trog
 53633 | Depths:2 | Identified the +4 battleaxe "Qalix" {elec, rPois Will+
                  | Str+4 Dex+4}
 53806 | Depths:2 | Reached XP level 21. HP: 185/189 MP: 21/21
 55569 | Depths:3 | Noticed the Enchantress
 55590 | Depths:3 | Killed the Enchantress
 55622 | Depths:3 | Received a gift from Trog
 56108 | Depths:3 | Found a one-way gate to the infinite horrors of the Abyss.
 56584 | Depths:3 | Found a one-way gateway to a ziggurat.
 56744 | Zig:1    | Entered Level 1 of a ziggurat
 56762 | Zig:2    | Entered Level 2 of a ziggurat
 56763 | Zig:2    | Noticed a dread lich
 56766 | Zig:2    | Reached skill level 15 in Armour
 56786 | Zig:2    | Killed a dread lich
 57063 | Zig:3    | Entered Level 3 of a ziggurat
 57101 | Zig:3    | Acquired 404 gold pieces
 57109 | Zig:4    | Entered Level 4 of a ziggurat
 57115 | Zig:4    | Found the macabre finger necklace {rN+}
 57471 | Zig:5    | Entered Level 5 of a ziggurat
 57554 | Zig:6    | Entered Level 6 of a ziggurat
 57767 | Zig:7    | Entered Level 7 of a ziggurat
 58188 | Zig:7    | Identified the amulet of Poos {Acrobat *Corrode Str+4 Int+5
                  | SInv}
 58192 | Zig:7    | Identified the +7 hunting sling "Suphiqon" {venom, *Corrode
                  | rF+ Will++ Int+2}
 58194 | Zig:7    | Identified the amulet of Mok Xess {Reflect Dex+4 SH+5}
 58313 | Depths:4 | Entered Level 4 of the Depths
 58613 | Depths:4 | Received a gift from Trog
 58951 | Depths:4 | Noticed a golden dragon
 58957 | Depths:4 | Killed a golden dragon
 59271 | Depths:4 | Reached XP level 22. HP: 132/203 MP: 22/22
 59874 | Depths:4 | Noticed a caustic shrike
 60014 | Depths:4 | Noticed a caustic shrike
 60014 | Depths:4 | Noticed a caustic shrike
 60014 | Depths:4 | Noticed a caustic shrike
 60026 | Depths:4 | Killed a caustic shrike
 60031 | Depths:4 | Killed a caustic shrike
 60034 | Depths:4 | Killed a caustic shrike
 60037 | Depths:4 | Killed a caustic shrike
 60115 | Depths:4 | Found a gate to the Realm of Zot.
 61458 | Depths:4 | Noticed a caustic shrike
 61466 | Depths:4 | Killed a caustic shrike
 61669 | Zot:1    | Entered Level 1 of the Realm of Zot
 61966 | Zot:1    | HP: 6/205 [death cob (8)]
 61966 | Zot:1    | HP: 2/205 [constriction (3)]
 61967 | Zot:1    | Killed from afar by a purple draconian

Illustrated notes

Levels and vault maps discovered:
D:1:      doesnt_arrival_eight_statues, layout_basic,
          chequers_serial_rivers_micro_b, serial_bayou_pond_a
D:2:      layout_loops_ring, ebering_ecumenical_altar_box, serial_shops, shop
D:3:      kennysheep_the_goblin_king, layout_rooms, gup_sewer_entry_spiral,
          uniq_grinder
D:4:      minmay_door_path, layout_basic, serial_shops, shop, uniq_robin
D:5:      layout_cave_pools, sigmund_army
D:6:      layout_rooms, minmay_temple_entry_wispy, gammafunk_ghost_hive,
          chequers_mini_garden
D:7:      layout_basic, serial_shops, nicolae_shop_overgrown_old_shop, shop,
          shop, kennysheep_little_box, roderic_batcave,
          minmay_hollow_rounded_squares, uniq_duvessa
D:8:      layout_cave_pools, kiku_gazebo_garden_becter, minmay_the_grid_2x2
          [minmay_the_grid_x, minmay_the_grid_dragon_b, minmay_the_grid_gridbox,
          minmay_the_grid_prize_trominoes]
D:9:      layout_big_octagon, lair_entry_dummy, serial_gnoll_camp,
          gnoll_camp_mini_loothouse, gnoll_camp_huts_moat,
          gnoll_camp_mini_basic, gnoll_camp_medium_01, gnoll_camp_mini_hut,
          gnoll_camp_medium_02, minmay_misc_feat_rows
D:10:     layout_roguey
D:11:     layout_roguey, zombieorc1_lemuel, serial_glass, glass_columns_a,
          glass_columns_a, glass_columns_b, glass_columns_b,
          minmay_misc_feat_four_crosses, minmay_misc_feat_ornament,
          kennysheep_island_fort
D:12:     layout_loops_corners, minmay_evil_grid
D:13:     layout_rooms, serial_shops, shop, minivault_11
D:14:     layout_basic, david_vaults_1, serial_shops,
          nicolae_shop_advertising_works [nicolae_subvault_shop_adworks],
          nicolae_elyvilon_temple_path
D:15:     grunt_enter_depths_magical_seal, layout_gridville, serial_rivers,
          chequers_serial_rivers_micro_e, chequers_serial_rivers_micro_d,
          chequers_serial_rivers_small_a, chequers_serial_rivers_marsh,
          chequers_serial_rivers_large_b, chequers_serial_rivers_room_a,
          chequers_serial_rivers_micro_d, serial_shops, shop, minmay_between,
          uniq_agnes
Lair:1:   layout_regular_city
Lair:2:   layout_roguey, st_stairs_8, minivault_19
Lair:3:   layout_chaotic_city, nicolae_spider_entry_tight_spaces,
          grunt_megastairs_3
Lair:4:   layout_cave_shapes, minmay_snake_entry_guardpost_small,
          small_statue_intersection, minmay_lindwurm_lava, grunt_megastairs_5,
          uniq_urug
Lair:5:   layout_roguey, nicolae_quartered_pool_little
Lair:6:   evilmike_catoblepas_cave, layout_loops_ring,
          minmay_slime_entry_oklob_open, lemuel_fruit_tree
Snake:1:  layout_rooms, uniq_nikola, uniq_aizul, uniq_kirke
Snake:2:  layout_onion_interference, serial_shops,
          nicolae_shop_bloodbath_and_beyond, nicolae_wooded_promenade,
          hangedman_venom_bottle
Snake:3:  nicolae_snake_nest, layout_gridlike
Snake:4:  minmay_snake_end_coiled, layout_onion_interference,
          nicolae_alphabet_shops, nicolae_snake_linked_coils,
          nicolae_snake_omega
Spider:1: layout_chambers
Spider:2: layout_spider_delve, nicolae_spider_twisty_arc_passages,
          uniq_mlioglotl, uniq_frances
Spider:3: layout_spider_delve, guppyfry_spider_mini_3, uniq_bai_suzhen
Spider:4: grunt_spider_rune_circles, uniq_arachne
Orc:1:    layout_caves
Orc:2:    pubby_orc_utopia
Elf:1:    layout_onion_city, gammafunk_ghost_arena, serial_shops,
          nicolae_shop_temple_entry_statues_fountains, minivault_28, uniq_louise
Elf:2:    elven_hall_of_blades_hangedman_original [mumra_blade_entry_bloodbath],
          layout_gridlike, serial_shops, shop_fountains,
          small_statue_intersection
Elf:3:    grunt_elf_hall_diamonds, layout_onion_city,
          gammafunk_ghost_fury_of_okawaru, uniq_roxanne
Depths:1: layout_small_grid, hellmouth_3, nicolae_qazlal_style_of_elements
Depths:2: nzn_winding_woodlands_stair_cross [nzn_winding_woodlands_5x15_pockets,
          nzn_winding_woodlands_center_garden,
          nzn_winding_woodlands_5x15_split_checker,
          nzn_winding_woodlands_5x5_perimeter,
          nzn_winding_woodlands_5x5_default, nzn_winding_woodlands_5x15_zeroes,
          nzn_winding_woodlands_center_diamonds,
          nzn_winding_woodlands_5x15_pathside_ponds], layout_gridlike,
          pf_hell_entry_tar_river, grunt_pan_entry_in_and_out,
          minmay_staircase_windowed_large, nicolae_uskayaw_dance_hall,
          grunt_megastairs_4
Depths:3: hangedman_cross_stitches, layout_cave_pools, enter_ziggurat_e,
          hellmouth_1, abyss_entry, chequers_serial_rivers_large_a,
          uniq_enchantress
Depths:4: grunt_zot_entry_tricorne, layout_long_grid, grunt_mini_vestibule,
          amcnicky_mini_rare_corridor_liquid, grunt_megastairs_2,
          serial_bayou_shore_b
Zot:1:    nicolae_moth_party, layout_misc_corridors, grunt_ministairs_15

Skill      XL: |  1  2  3  4  5  6  7  8  9 10 11 12 13 14 15 16 17 18 19 20 21 22 |
---------------+-------------------------------------------------------------------+-----
Long Blades    | 4 5 7 8 9 12 14 16 17 18 19 20 | 20.0
Dodging        | 2 3 5 6 7 9 10 11 12 13 | 13.6
Armour         | 2 3 5 6 7 9 10 11 12 13 14 15 | 15.6
Evocations     | 1 3 5 6 8 10 11 12 13 14 16 18 | 18.6
Fighting       | 5 6 8 9 11 12 14 15 16 18 19 20 | 20.4

Action                   |  1- 3 |  4- 6 |  7- 9 | 10-12 | 13-15 | 16-18 | 19-21 | 22-24 || total
-------------------------+-------+-------+-------+-------+-------+-------+-------+-------++-------
Melee: Falchion          |    79 |   116 |   315 |       |       |       |       |       ||   510
       Tailslap          |     8 |    11 |    99 |    90 |   181 |   221 |   292 |    46 ||   948
       Great sword       |       |       |    35 |   572 |   811 |  1238 |  1328 |   186 ||  4170
Invok: Berserk           |     4 |     6 |    13 |    11 |    10 |    20 |    18 |     4 ||    86
       Trog's Hand       |       |     3 |       |     5 |     2 |     2 |     7 |       ||    19
       Brothers in Arms  |       |       |       |       |       |     7 |       |       ||     7
 Abil: Rolling Charge    |    13 |     9 |    56 |   105 |   141 |   228 |   208 |    14 ||   774
       Evoke Invisibilit |       |       |       |       |       |       |     1 |       ||     1
Evoke: Wand              |       |       |       |     5 |     6 |     8 |       |       ||    19
       Lightning rod     |       |       |       |     4 |       |       |       |       ||     4
  Use: Scroll            |       |       |       |    15 |    19 |    11 |     3 |     1 ||    49
       Potion            |       |       |       |     1 |       |     6 |    12 |     1 ||    20
 Stab: Petrified         |       |       |       |       |       |       |     2 |       ||     2
       Petrifying        |       |       |       |       |       |       |     1 |       ||     1
Armor: Animal skin       |    15 |       |       |       |       |       |       |       ||    15
       Ring mail         |     7 |    58 |    91 |     1 |       |       |       |       ||   157
       Chain mail        |       |       |    40 |       |       |       |       |       ||    40
       Scale mail        |       |       |       |   298 |   353 |   786 |   128 |       ||  1565
       Plate armour      |       |       |       |       |       |       |   712 |   174 ||   886
Dodge: Dodged            |    31 |    52 |   144 |   226 |   261 |   585 |   473 |    59 ||  1831
Block: Other             |       |       |       |       |    95 |   237 |   205 |    29 ||   566
       Reflection        |       |       |       |       |     7 |    11 |    10 |     1 ||    29

Table legend: (Time is in decaauts)
 A = Elapsed time spent in this place.
 B = Non-inter-level travel time spent in this place.
 C = Inter-level travel time spent in this place.
 D = Time resting spent in this place.
 E = Time spent auto-exploring this place.
 F = Levels seen in this place.
 G = Mean time per level.
                   A        B        C        D        E       F      G
               +--------+--------+--------+--------+--------+-----+--------+
         Total |  61832 |  59156 |   2676 |  17593 |  32666 |  48 | 1288.2 |
       Dungeon |  17303 |  16318 |    985 |   2659 |  11284 |  15 | 1153.5 |
          Lair |   7817 |   7165 |    652 |   1138 |   5153 |   6 | 1302.8 |
     Snake Pit |   7274 |   7031 |    243 |   2748 |   3339 |   4 | 1818.5 |
   Spider Nest |   7056 |   6839 |    217 |   3335 |   2595 |   4 | 1764.0 |
  Orcish Mines |   4370 |   4115 |    255 |   1587 |   1879 |   2 | 2185.0 |
   Elven Halls |   6835 |   6653 |    182 |   1416 |   3952 |   3 | 2278.3 |
        Depths |   9344 |   9205 |    139 |   3588 |   4281 |   4 | 2336.0 |
           Zot |     23 |     23 |      0 |      0 |      0 |   1 |   23.0 |
         Abyss |    356 |    356 |      0 |    149 |      0 |   2 |  178.0 |
      Ziggurat |   1449 |   1449 |      0 |    970 |    181 |   7 |  207.0 |
               +--------+--------+--------+--------+--------+-----+--------+

Top non-repeatable levels by time:
   Orc:2: 3690 daAuts
Depths:4: 3012 daAuts
Spider:3: 2857 daAuts
 Snake:4: 2675 daAuts
   Elf:1: 2585 daAuts
   Elf:2: 2417 daAuts
 Snake:2: 2382 daAuts
Spider:1: 2355 daAuts
Depths:2: 2243 daAuts
Depths:3: 2190 daAuts
Depths:1: 1897 daAuts
   Elf:3: 1832 daAuts
     D:2: 1783 daAuts
  Lair:4: 1698 daAuts
    D:15: 1693 daAuts
